[Event "Team 45 45 League T38"]
[Site "Internet Chess Club"]
[Date "2008.09.20"]
[Round "9"]
[White "Fezzik"]
[Black "Fidius"]
[Result "1-0"]
[WhiteElo "1990"]
[BlackElo "1959"]
[Opening "QGD semi-Slav"]
[ECO "D43"]
[Time "13:03:06"]
[TimeControl "2700+45"]

1. d4 d5 2. c4 e6 3. Nc3 c6 4. Nf3 Nf6 5. Bg5 Be7 6. e3 Nbd7 7. Bd3 dxc4 8. Bxc4
Nd5 9. Bxe7 Qxe7 10. O-O Nxc3 11. bxc3 O-O 12. Qc2 e5 13. Rfe1 exd4 14. cxd4 Nb6
15. Bd3 g6 16. e4 Bd7 17. Rab1 Rab8 18. a4 Rfd8 19. a5 Nc8 20. Qb2 Nd6 21. d5
cxd5 22. exd5 Qf8 23. Ne5 Bf5 24. Qd4 Bxd3 25. Qxd3 f6 26. Ng4 f5 27. Ne3 b6 28.
axb6 axb6 29. Qa6 b5 30. Rec1 Qe7 31. Qa2 Rdc8 32. Re1 Qf6 33. Qb3 Qd4 34. Rbd1
Qc3 35. Qa2 b4 36. Qa6 Qc7 37. Rb1 Qb6 38. Qa4 Rc7 39. h3 b3 40. Qf4 Ne4 41.
Rxb3 Qxb3 42. Qxc7 Qb2 43. Qf4 Ra8 44. d6 Qd4 45. Rd1 Ra1 46. Rxa1 Qxa1+ 47. Kh2
Qd4 48. g3 Qxd6 49. Qf3 Qd2 50. Kg2 Kg7 51. Qf4 Qd6 52. Qxf5 Qxg3+ 53. fxg3 gxf5
54. Nxf5+ Kf6 55. Nd4 Ke5 56. Ne2 Kf5 57. Nd4+ Ke5 58. Nf3+ Kf5 59. Nh4+ Kg5 60.
Kf3 Nd2+ 61. Ke3 Nf1+ 62. Kf2 Nd2 63. Nf3+ Nxf3 64. Kxf3 Kf5 65. Ke3 h5 66. Kd4
Ke6 67. Ke4 Kf6 68. Kf4 Kg6 69. Ke5 Kg5 70. Ke6 h4 71. g4 Kf4 72. Kf6 Kg3 73. g5
Kxh3 74. g6 Kh2 75. g7 h3 76. g8=Q Kh1 77. Qd5+ Kg1 78. Qd4+ Kg2 79. Qg4+ {Black
resigns} 1-0

[Event "Team 45 45 League T38"]
[Site "Internet Chess Club"]
[Date "2008.09.21"]
[Round "9"]
[White "hewdondada"]
[Black "kabindra"]
[Result "0-1"]
[WhiteElo "1857"]
[BlackElo "1819"]
[Opening "QGD: Chigorin defense"]
[ECO "D07"]
[Time "10:33:46"]
[TimeControl "2700+45"]

1. d4 d5 2. c4 Nc6 3. cxd5 Qxd5 4. e3 e5 5. Nc3 Bb4 6. a3 Bxc3+ 7. bxc3 exd4 8.
cxd4 Nf6 9. Nf3 Ne4 10. Qc2 Bg4 11. Bc4 Qf5 12. Nh4 Qa5+ 13. Bd2 Qxd2+ 14. Qxd2
Nxd2 15. Kxd2 O-O 16. Rab1 Na5 17. Bd5 c6 18. Ba2 Rad8 19. Rhc1 Be6 20. Bxe6
fxe6 21. Ke1 Rd6 22. Nf3 a6 23. e4 b5 24. a4 Nc4 25. axb5 cxb5 26. Ke2 h6 27.
Rb3 Rfd8 28. Ra1 Rb6 29. Rc1 Rc8 30. Ne5 Nd6 31. Rxc8+ Nxc8 32. Nd7 Rc6 33. Nc5
Nd6 34. Ra3 b4 35. Ra4 e5 36. dxe5 Nb5 37. Rxb4 Rxc5 38. f4 a5 39. Rb2 Kf7 40.
Kf3 a4 41. Ra2 a3 42. Kg4 Rc4 43. Re2 Nc3 44. Re1 a2 45. Rc1 Rxe4 46. h4 Ra4 47.
Ra1 Ne2 48. Kf5 Nxf4 49. g3 Ne6 50. h5 Nd4+ {White resigns} 0-1

[Event "Team 45 45 League T38"]
[Site "Internet Chess Club"]
[Date "2008.09.19"]
[Round "9"]
[White "AronT"]
[Black "mugurelt"]
[Result "1/2-1/2"]
[WhiteElo "1756"]
[BlackElo "1747"]
[Opening "Nimzo-Indian: Leningrad variation"]
[ECO "E30"]
[Time "22:00:07"]
[TimeControl "2700+45"]

1. d4 Nf6 2. c4 e6 3. Nc3 Bb4 4. Bg5 c5 5. e3 Qa5 6. Qc2 Ne4 7. Qxe4 Bxc3+ 8.
Ke2 Bxb2 9. Rb1 cxd4 10. Rxb2 Qxg5 11. Rxb7 f5 12. Rb5 fxe4 13. Rxg5 d3+ 14. Kd2
Nc6 15. f3 Ba6 16. fxe4 Bxc4 17. Bxd3 Bxa2 18. Rxg7 Rb8 19. Nf3 e5 20. Ra1 Rg8
21. Rxg8+ Bxg8 22. Kc3 Rb3+ 23. Kd2 Rb2+ 24. Bc2 Bb3 25. Ne1 Bxc2 26. Nxc2 a5
27. Kc3 Rb8 28. Kc4 Ke7 29. Ra3 Rg8 30. g3 Rg4 31. Kd5 Rg6 32. Ra4 Rh6 33. h4
Rg6 34. Na3 Rxg3 35. Nc4 Rh3 36. Nxa5 Nxa5 37. Rxa5 Rxh4 38. Ra8 Rh3 39. Kxe5
Rxe3 40. Rg8 Rh3 41. Rg7+ Kd8 42. Rg8+ Kc7 43. Kd5 h5 44. Rh8 Rh1 45. Rh7 h4 46.
Ke5 h3 47. Rh6 h2 48. Rh7 Kc6 49. Rh6+ Kc5 50. Rh5 d6+ 51. Ke6+ Kc6 52. Rh3 Re1
53. Rxh2 Rxe4+ 54. Kf5 Re5+ 55. Kf4 Kd5 56. Rd2+ Ke6 57. Rd4 d5 58. Ra4 Rh5 59.
Ra6+ Kd7 60. Ke3 Rh4 61. Kd3 Kc7 62. Rg6 Rh1 63. Ke3 Kd7 64. Ra6 Rc1 65. Kd4
Rd1+ 66. Ke3 Rc1 67. Kd4 Rc6 68. Rxc6 Kxc6 69. Kd3 Kd7 70. Kd4 Kc6 71. Kd3 Kc5
72. Kc3 d4+ 73. Kd3 Kd5 74. Kd2 Ke4 75. Ke2 d3+ 76. Kd2 Kd4 77. Kd1 Kc3 78. Kc1
d2+ 79. Kd1 Kd3 {White stalemated} 1/2-1/2

[Event "Team 45 45 League T38"]
[Site "Internet Chess Club"]
[Date "2008.09.21"]
[Round "9"]
[White "RD1974"]
[Black "gtm"]
[Result "1/2-1/2"]
[WhiteElo "1591"]
[BlackElo "1699"]
[Opening "French: King's Indian attack"]
[ECO "C00"]
[Time "19:05:59"]
[TimeControl "2700+45"]

1. e4 e6 2. d3 d5 3. Nd2 c5 4. g3 Nc6 5. Bg2 Nf6 6. exd5 Nxd5 7. Ngf3 Be7 8. O-O
O-O 9. Re1 b6 10. c4 Ndb4 11. d4 cxd4 12. Nxd4 Nxd4 13. Bxa8 Nbc2 14. Nb3 Nxb3
15. Qxc2 Nxa1 16. Qe2 Qc7 17. Bf4 Bd6 18. Bxd6 Qxd6 19. Rxa1 Rd8 20. Bf3 g6 21.
Rd1 Qc7 22. b3 Rxd1+ 23. Qxd1 Bb7 24. Bxb7 Qxb7 25. Qd8+ Kg7 26. Qd4+ Kg8 27. c5
{Game drawn by mutual agreement} 1/2-1/2

[Event "Team 45 45 League T38"]
[Site "Internet Chess Club"]
[Date "2008.09.17"]
[Round "9"]
[White "Fegary"]
[Black "ARMAND01968"]
[Result "1-0"]
[WhiteElo "2069"]
[BlackElo "1846"]
[Opening "Sicilian: closed"]
[ECO "B23"]
[Time "09:30:10"]
[TimeControl "2700+45"]

1. e4 c5 2. Nc3 e6 3. Nge2 Nc6 4. Nf4 Nf6 5. Bc4 a6 6. a3 b5 7. Ba2 Bb7 8. d3
Be7 9. Be3 d6 10. f3 O-O 11. Qd2 Nd7 12. Bxe6 g5 13. Bxf7+ Rxf7 14. Ne6 Qc8 15.
Nxg5 Bxg5 16. Bxg5 Nce5 17. f4 Ng6 18. f5 Nge5 19. Bh6 Qd8 20. O-O Qh4 21. Bg5
Qh5 22. Ne2 Rg7 23. h4 Nf8 24. Ng3 Qf7 25. f6 Rg6 26. h5 h6 27. hxg6 Qxg6 28.
Nf5 Kh7 29. Nxd6 hxg5 30. Nxb7 g4 31. Nxc5 Nf3+ 32. gxf3 gxf3+ 33. Kh1 Qxf6 34.
Qh2+ Kg7 35. Qg3+ Ng6 36. Rxf3 Rh8+ 37. Kg1 Qd4+ 38. Qf2 Qd6 39. Rf7+ Kg8 40.
Rf6 {Black resigns} 1-0

[Event "Team 45 45 League T38"]
[Site "Internet Chess Club"]
[Date "2008.09.23"]
[Round "9"]
[White "frank001"]
[Black "upsan"]
[Result "1-0"]
[WhiteElo "1873"]
[BlackElo "1864"]
[Opening "French: advance, Paulsen attack"]
[ECO "C02"]
[Time "20:35:17"]
[TimeControl "2700+45"]

1. e4 e6 2. d4 d5 3. e5 c5 4. c3 Nc6 5. Nf3 Qb6 6. a3 c4 7. Nbd2 a5 8. g3 a4 9.
h4 Be7 10. Bh3 Na5 11. O-O Qd8 12. Qxa4+ Bd7 13. Qd1 g5 14. hxg5 Bxg5 15. Nxg5
Qxg5 16. Nf3 Qh5 17. Kg2 Nb3 18. Rb1 Ba4 19. Qe2 Ne7 20. Be3 O-O-O 21. Rh1 Qg6
22. Bg5 Rd7 23. Rbe1 Rg8 24. Bf6 h5 25. Nh4 Qh7 26. Nf3 Ng6 27. Qe3 Na5 28. Ng5
Qh6 29. Nxf7 Qxe3 30. Rxe3 Rxf7 31. Bxe6+ Bd7 32. Bxf7 {Black resigns} 1-0

[Event "Team 45 45 League T38"]
[Site "Internet Chess Club"]
[Date "2008.09.23"]
[Round "9"]
[White "qs16"]
[Black "andrew28"]
[Result "1-0"]
[WhiteElo "1790"]
[BlackElo "1771"]
[Opening "King's Indian: 4.e4"]
[ECO "E70"]
[Time "16:00:10"]
[TimeControl "2700+45"]

1. d4 g6 2. c4 Bg7 3. Nc3 Nf6 4. e4 O-O 5. Nf3 Ne8 6. Be2 c5 7. O-O cxd4 8. Nxd4
d6 9. Be3 e5 10. Nf3 h6 11. Qd2 Kh7 12. Rad1 f5 13. exf5 gxf5 14. Qc2 Nc6 15. a3
Be6 16. Nd5 Rc8 17. Qb1 Nf6 18. h3 Ne7 19. Nxf6+ Bxf6 20. Qc1 f4 21. Bd3+ Kh8
22. Bd2 Rg8 23. Kh2 d5 24. Bc3 d4 25. Bd2 Qf8 26. Rg1 Qf7 27. Rde1 Qh5 28. Bf1
Bxh3 29. gxh3 Qxf3 30. Qd1 Qxd1 31. Rxd1 Rxg1 32. Kxg1 Nf5 33. Bd3 Nd6 34. b3
Bg5 35. Re1 Re8 36. f3 Bh4 37. Re2 Rg8+ 38. Kh2 Bf6 39. Be1 h5 40. c5 Nf7 41. h4
Kg7 42. Rg2+ Kf8 43. Rxg8+ Kxg8 44. Bg6 Nh6 45. Bxh5 Kg7 46. Kh3 Be7 47. b4 Kf6
48. Bg4 Nf5 49. h5 Bf8 50. Bd2 a5 51. Kg2 axb4 52. axb4 Nh4+ 53. Kf2 Nf5 54. Ke2
Ne7 55. Kd3 Nf5 56. Ke4 Ne3 57. Bc8 b6 58. cxb6 Nc4 59. b7 Bd6 60. Be1 Ne3 61.
b5 Kg5 62. Bg4 Bb8 63. Bb4 Nc2 64. Be7+ Kh6 65. Bf6 Ne1 66. Bxe5 d3 67. Bxb8 d2
68. Bxf4+ {Black resigns} 1-0

[Event "Team 45 45 League T38"]
[Site "Internet Chess Club"]
[Date "2008.09.18"]
[Round "9"]
[White "Shereshevsky"]
[Black "oldsj"]
[Result "1/2-1/2"]
[WhiteElo "1627"]
[BlackElo "1550"]
[Opening "King's Indian: Sämisch, orthodox, 7.d5 c6"]
[ECO "E88"]
[Time "21:00:20"]
[TimeControl "2700+45"]

1. d4 Nf6 2. c4 g6 3. Nc3 Bg7 4. e4 d6 5. f3 O-O 6. Be3 e5 7. d5 c6 8. Qd2 cxd5
9. cxd5 Nh5 10. g4 Nf4 11. Bxf4 exf4 12. Qxf4 Qb6 13. Qd2 Nd7 14. O-O-O Nc5 15.
h4 Bd7 16. Bd3 Rac8 17. Bc2 Na4 18. Bxa4 Bxa4 19. Re1 Rc5 20. Ne2 Rfc8 21. h5
Bb5 22. Kc2 Bxe2 23. Rxe2 Bxc3 24. bxc3 Rxc3+ 25. Qxc3 Rxc3+ 26. Kxc3 Qc5+ 27.
Kd2 Qd4+ 28. Kc2 Qc4+ 29. Kd2 Qxa2+ 30. Ke3 Qb3+ 31. Kf2 a5 32. hxg6 fxg6 33.
Ree1 Qb6+ 34. Kg3 Qd8 35. Rb1 b6 36. Rhc1 h5 37. gxh5 Qg5+ 38. Kf2 Qd2+ 39. Kg3
Qg5+ 40. Kf2 Qd2+ 41. Kg3 Qg5+ {Game drawn by repetition} 1/2-1/2

[Event "Team 45 45 League T38"]
[Site "Internet Chess Club"]
[Date "2008.09.21"]
[Round "9"]
[White "smitty120"]
[Black "primerpaso"]
[Result "1-0"]
[WhiteElo "1975"]
[BlackElo "1914"]
[Opening "Sicilian: Najdorf, Lipnitzky attack"]
[ECO "B86"]
[Time "19:00:58"]
[TimeControl "2700+45"]

1. e4 c5 2. Nf3 d6 3. d4 cxd4 4. Nxd4 Nf6 5. Nc3 a6 6. Bc4 e6 7. Bb3 Nc6 8. O-O
Qc7 9. Be3 Na5 10. f4 Be7 11. Qf3 O-O 12. Kh1 Nxb3 13. axb3 Bd7 14. g4 e5 15.
Nf5 Bxf5 16. gxf5 Rae8 17. Rad1 Qc6 18. Qg2 Kh8 19. Nd5 Nxd5 20. Rxd5 Bf6 21.
Rfd1 exf4 22. Bxf4 Be5 23. Bxe5 Rxe5 24. f6 g6 25. R1d4 Qe8 26. Rxd6 Re6 27. Qf3
Rxd6 28. Rxd6 Qe5 29. Qd3 Qxb2 30. Rd8 Qc1+ 31. Kg2 Qg5+ 32. Kh1 Qc1+ 33. Qd1
Qxd1+ 34. Rxd1 Rb8 35. Rd7 Kg8 36. c4 Kf8 37. Kg2 Ke8 38. Re7+ Kf8 39. Kf3 b6
40. Ke3 a5 41. Rd7 Ke8 42. Rc7 h5 43. h4 Rd8 44. Re7+ Kf8 45. Rb7 Ke8 46. Rxb6
Rd1 47. Kf4 Rf1+ 48. Ke5 Kd7 49. Rb7+ Kc6 50. Rxf7 Rf3 51. Ra7 Kb6 52. Ra8
{Black resigns} 1-0

[Event "Team 45 45 League T38"]
[Site "Internet Chess Club"]
[Date "2008.09.19"]
[Round "9"]
[White "Avedldesierto"]
[Black "Mr-Inretrospect"]
[Result "1-0"]
[WhiteElo "1775"]
[BlackElo "1863"]
[Opening "QGD: exchange, positional line"]
[ECO "D35"]
[Time "19:41:36"]
[TimeControl "2700+45"]

1. d4 Nf6 2. c4 e6 3. Nc3 d5 4. cxd5 exd5 5. Bg5 Be7 6. e3 c6 7. Bd3 Nbd7 8. Nf3
O-O 9. O-O Re8 10. Qc2 Nf8 11. Na4 Ne4 12. Bxe7 Qxe7 13. Rfc1 f6 14. Nc5 Bg4 15.
Bxe4 dxe4 16. Nd2 f5 17. Qb3+ Kh8 18. Qxb7 Qg5 19. Qxc6 Bh3 20. g3 Rad8 21. Qa6
Qg4 22. Qxa7 f4 23. Re1 f3 24. Qb7 Bf1 25. Rxf1 Qh3 26. Nxf3 Rb8 27. Qd5 Rbd8
28. Qf7 Re7 29. Ng5 {Black resigns} 1-0

[Event "Team 45 45 League T38"]
[Site "Internet Chess Club"]
[Date "2008.09.21"]
[Round "9"]
[White "andreip"]
[Black "therealwizard"]
[Result "1/2-1/2"]
[WhiteElo "2134"]
[BlackElo "2184"]
[Opening "Two knights defense (Modern bishop's opening)"]
[ECO "C24"]
[Time "14:29:15"]
[TimeControl "2700+45"]

1. e4 e5 2. Bc4 Nf6 3. d3 Nc6 4. Nf3 Be7 5. O-O O-O 6. Re1 d6 7. a4 Na5 8. Ba2
c5 9. Nc3 Nc6 10. Nd5 Nxd5 11. Bxd5 Bg4 12. h3 Bh5 13. c3 Kh8 14. g4 Bg6 15. Be3
Qd7 16. Kg2 h6 17. Nd2 Bh4 18. Nf1 Ne7 19. Bb3 Rac8 20. Ng3 d5 21. Nf5 Bxf5 22.
gxf5 d4 23. Bc1 Qd6 24. Qh5 Qf6 25. Rg1 Rc7 26. cxd4 cxd4 27. f4 Nc6 28. Kf3 Re8
29. Bd2 exf4 30. Bxf4 Ne5+ 31. Bxe5 Rxe5 32. Rac1 Ree7 33. Bd5 Kh7 34. Rxc7 Rxc7
35. Bc4 Re7 36. Qg4 Bg5 37. b3 Be3 {Game drawn by mutual agreement} 1/2-1/2

[Event "Team 45 45 League T38"]
[Site "Internet Chess Club"]
[Date "2008.09.20"]
[Round "9"]
[White "decox"]
[Black "alin"]
[Result "1/2-1/2"]
[WhiteElo "2017"]
[BlackElo "2071"]
[Opening "Ruy Lopez: Schliemann defense"]
[ECO "C63"]
[Time "12:16:28"]
[TimeControl "2700+45"]

1. e4 e5 2. Nf3 Nc6 3. Bb5 f5 4. d3 fxe4 5. dxe4 Nf6 6. Qd3 Bc5 7. Nc3 d6 8. Bg5
Be6 9. O-O O-O 10. Bc4 Qd7 11. Bxe6+ Qxe6 12. Nd5 Nxd5 13. exd5 e4 14. Qb3 Qf7
15. dxc6 exf3 16. cxb7 Rab8 17. g3 Qxb3 18. axb3 Rxb7 19. Rfe1 Rbb8 20. Be3 Bb6
21. Bxb6 axb6 22. Ra7 Rf7 23. Re3 Kf8 24. Kf1 Re8 25. b4 g5 26. h3 Rxe3 27. fxe3
h5 28. g4 f2 29. Ra8+ Kg7 30. Ra1 Kg6 31. Kg2 hxg4 {Game drawn by mutual
agreement} 1/2-1/2

[Event "Team 45 45 League T38"]
[Site "Internet Chess Club"]
[Date "2008.09.21"]
[Round "9"]
[White "Terte"]
[Black "MrShaw"]
[Result "1-0"]
[WhiteElo "2063"]
[BlackElo "1939"]
[Opening "French: Tarrasch, closed variation"]
[ECO "C05"]
[Time "10:08:42"]
[TimeControl "2700+45"]

1. e4 e6 2. d4 d5 3. Nd2 Nf6 4. e5 Nfd7 5. f4 c5 6. c3 Nc6 7. Ngf3 cxd4 8. cxd4
Qb6 9. Nb3 a5 10. a4 Bb4+ 11. Kf2 O-O 12. Be3 f6 13. Bd3 Qd8 14. Qc2 f5 15. Rac1
Qe7 16. Rhg1 Nb6 17. g4 Kh8 18. gxf5 exf5 19. Rg5 h6 20. Nh4 Qf7 21. Ng6+ Kg8
22. Rg3 Re8 23. Rcg1 Be6 24. Kf1 Nc4 25. Bc1 Be7 26. Qg2 Nb4 27. Bb1 b5 28. Nh4
Bf8 29. Bxf5 Bxf5 30. Nxf5 Qxf5 31. Rxg7+ Kh8 32. Rg8+ Kh7 33. Rh8+ {Black
resigns} 1-0

[Event "Team 45 45 League T38"]
[Site "Internet Chess Club"]
[Date "2008.09.22"]
[Round "9"]
[White "dalfonso"]
[Black "viking99"]
[Result "1/2-1/2"]
[WhiteElo "1832"]
[BlackElo "1825"]
[Opening "French: Burn variation"]
[ECO "C11"]
[Time "18:00:52"]
[TimeControl "2700+45"]

1. e4 e6 2. d4 d5 3. Nc3 Nf6 4. Bg5 dxe4 5. Nxe4 Be7 6. Bxf6 Bxf6 7. Nf3 O-O 8.
Qd2 Nd7 9. O-O-O b6 10. Bd3 Bb7 11. h4 Be7 12. Nfg5 h6 13. Nf3 Rc8 14. Qe2 Nf6
15. Rhg1 Nd5 16. g3 Nb4 17. Bc4 Bd5 18. Kb1 Bxc4 19. Qxc4 Qd5 20. Qxd5 Nxd5 21.
g4 f5 22. gxf5 Rxf5 23. Rg3 Bd6 24. Nxd6 cxd6 25. Re1 Nc7 26. Reg1 Ne8 27. Kc1
Rc7 28. Kd2 Nf6 29. Ke3 Nd5+ 30. Ke4 Rcf7 31. c4 Rf4+ 32. Kd3 Rxf3+ 33. Rxf3
Rxf3+ 34. Ke2 Rf5 35. cxd5 Rxd5 36. Ke3 Kf7 37. Rc1 Kf6 38. Rc7 a5 39. f4 e5 40.
fxe5+ dxe5 41. dxe5+ Rxe5+ 42. Kf4 g5+ 43. hxg5+ hxg5+ 44. Kg4 Re4+ 45. Kg3 Rb4
46. b3 Kf5 47. Rc8 a4 48. Rf8+ Ke4 49. bxa4 Rxa4 50. Rb8 Kf5 51. Rxb6 Ra3+ 52.
Rb3 Rxa2 53. Rb5+ Kg6 54. Kg4 Ra4+ 55. Kg3 Kh5 56. Rb3 Rc4 57. Ra3 Rc5 58. Rb3
Rc1 59. Ra3 Rg1+ 60. Kh2 Rg4 61. Rg3 Rh4+ 62. Kg2 Rb4 63. Rc3 Rg4+ 64. Kh2 Ra4
65. Kg3 Ra1 66. Rb3 Rg1+ 67. Kh2 Rg4 68. Rg3 Re4 69. Rb3 Kg4 70. Rg3+ Kf4 71.
Kh3 Re1 72. Rg4+ Kf3 73. Rg3+ Kf4 74. Rg4+ Kf5 75. Ra4 Re3+ 76. Kg2 g4 77. Ra8
Re5 78. Rf8+ Kg5 79. Rg8+ Kf4 80. Rf8+ Kg5 81. Rg8+ Kf4 82. Rf8+ Kg5 83. Rg8+
Kf4 {Game drawn by repetition} 1/2-1/2

[Event "Team 45 45 League T38"]
[Site "Internet Chess Club"]
[Date "2008.09.23"]
[Round "9"]
[White "jjmolina"]
[Black "jordifp"]
[Result "1-0"]
[WhiteElo "1744"]
[BlackElo "1550"]
[Opening "Scotch gambit: Benima defense"]
[ECO "C50"]
[Time "15:02:07"]
[TimeControl "2700+45"]

1. e4 e5 2. Nf3 Nc6 3. Bc4 Be7 4. d4 exd4 5. Nxd4 Ne5 6. Bb3 d6 7. Nc3 Nf6 8. a3
Bg4 9. Nde2 Qd7 10. Be3 O-O 11. Qd2 a6 12. f4 Ng6 13. h3 Bxe2 14. Qxe2 Nh5 15.
Qxh5 Bh4+ 16. Ke2 Bd8 17. Qg4 Qc6 18. Bd5 Qe8 19. h4 c6 20. Bb3 Kh8 21. h5 Ne7
22. Bd4 f6 23. h6 Qg6 24. hxg7+ Kxg7 25. Qxg6+ Nxg6 26. g3 Re8 27. Kf3 c5 28.
Be3 b5 29. Bd5 Rb8 30. Rh2 Bb6 31. Rah1 Rh8 32. Be6 Bc7 33. Bf5 Rbd8 34. Nd5 Ba5
35. c3 Kf7 36. b4 {Black resigns} 1-0

[Event "Team 45 45 League T38"]
[Site "Internet Chess Club"]
[Date "2008.09.21"]
[Round "9"]
[White "lafuga3"]
[Black "isolani"]
[Result "1-0"]
[WhiteElo "1657"]
[BlackElo "1437"]
[Opening "Queen's pawn game"]
[ECO "A45"]
[Time "15:06:23"]
[TimeControl "2700+45"]

1. d4 Nf6 2. e3 d6 3. f4 Nbd7 4. Nf3 c6 5. Bd3 e5 6. fxe5 dxe5 7. dxe5 Nxe5 8.
O-O Nxd3 9. cxd3 Bg4 10. Qb3 Qc7 11. Na3 Bd6 12. Nc4 O-O 13. Nxd6 Qxd6 14. Bd2
Be6 15. Qc2 a5 16. e4 Qc7 17. Bc3 Ng4 18. Rae1 a4 19. h3 Nh6 20. a3 Bb3 21. Qf2
f6 22. Nd4 Bf7 23. Re3 c5 24. Rg3 Ba2 25. Nb5 Qc6 26. Qf4 Qxb5 27. Qxh6 g6 28.
Rxf6 Qd7 29. Rgxg6+ {Black resigns} 1-0

[Event "Team 45 45 League T38"]
[Site "Internet Chess Club"]
[Date "2008.09.20"]
[Round "9"]
[White "lmadueno"]
[Black "pedrin"]
[Result "0-1"]
[WhiteElo "1527"]
[BlackElo "1640"]
[Opening "Caro-Kann defense"]
[ECO "B10"]
[Time "17:06:41"]
[TimeControl "2700+45"]

1. e4 c6 2. c3 d5 3. exd5 cxd5 4. d4 Nf6 5. Nf3 Bg4 6. Be2 e6 7. Bg5 Be7 8. Nbd2
Nc6 9. O-O Qd6 10. c4 O-O 11. c5 Qc7 12. a3 h6 13. Bh4 b6 14. Bg3 Qd7 15. b4 Ne4
16. Nxe4 dxe4 17. Ne5 Nxe5 18. Bxe5 Bxe2 19. Qxe2 Qd5 20. Rfd1 f5 21. Qe3 Rad8
22. Rac1 bxc5 23. bxc5 Bxc5 24. f3 Qxe5 25. Rxc5 Qxc5 26. dxc5 Rxd1+ 27. Kf2 Rd3
28. Qc1 Rfd8 29. fxe4 fxe4 30. c6 e3+ 31. Ke2 Rb3 32. c7 Rc8 33. Qc4 Rb2+ 34.
Kxe3 Kf7 35. Qc6 Rb3+ 36. Ke4 Ke7 37. Ke5 Rb6 38. Qc5+ Kd7 39. Qf2 Rxc7 40. Qf7+
Kc8 41. Qf8+ Kb7 42. Qf3+ Ka6 43. Qd3+ Ka5 44. Qd2+ Ka4 45. Qd8 Rc5+ 46. Kd4
Rd5+ {White resigns} 0-1

[Event "Team 45 45 League T38"]
[Site "Internet Chess Club"]
[Date "2008.09.20"]
[Round "9"]
[White "Camalleo"]
[Black "PANAMA-REY"]
[Result "1-0"]
[WhiteElo "1633"]
[BlackElo "1466"]
[Opening "Philidor: exchange variation"]
[ECO "C41"]
[Time "16:00:11"]
[TimeControl "2700+45"]

1. e4 e5 2. Nf3 d6 3. d4 exd4 4. Nxd4 Nd7 5. Nc3 c6 6. Bc4 Ngf6 7. O-O Be7 8.
Nf5 O-O 9. Nxd6 Ne5 10. Nxc8 Qxc8 11. Bb3 Qc7 12. f4 Bc5+ 13. Kh1 Neg4 14. Qf3
a5 15. e5 Qb6 16. Na4 Nf2+ 17. Rxf2 Qb5 18. c4 Qb4 19. Bd2 Bxf2 20. Qxf2 Qe7 21.
exf6 Qxf6 22. Bc3 Qd6 23. Qg3 f6 24. c5+ {Black resigns} 1-0

[Event "Team 45 45 League T38"]
[Site "Internet Chess Club"]
[Date "2008.09.22"]
[Round "9"]
[White "rubo"]
[Black "parrot9"]
[Result "0-1"]
[WhiteElo "1731"]
[BlackElo "1748"]
[Opening "Bird's opening: Lasker variation"]
[ECO "A03"]
[Time "14:24:31"]
[TimeControl "2700+45"]

1. f4 d5 2. Nf3 Nf6 3. e3 c5 4. b3 e6 5. Bb2 Be7 6. Bd3 Nc6 7. O-O O-O 8. Nc3 a6
9. Ne2 b5 10. Ng3 c4 11. Be2 Qc7 12. Ne5 Bb7 13. Bf3 Rad8 14. Nxc6 Bxc6 15. Nh5
Nxh5 16. Bxh5 f5 17. Qe1 Bf6 18. Bxf6 Rxf6 19. Qg3 Be8 20. Bxe8 Rxe8 21. Rf3 Rg6
22. Qf2 Qf7 23. d4 cxd3 24. cxd3 Rc8 25. Qb2 Qf6 26. d4 Qd8 27. Rff1 Rf6 28.
Rfc1 Rf7 29. Rc5 Rxc5 30. dxc5 b4 31. Qd4 Qa5 32. a4 bxa3 33. b4 Qa4 34. Qc3 Rb7
35. Rxa3 Qxb4 36. Qxb4 Rxb4 37. c6 Rc4 38. Rxa6 Kf7 39. Ra7+ Kf6 40. c7 h6 41.
Kf2 g5 42. fxg5+ hxg5 43. g3 Rc2+ 44. Ke1 g4 45. Kd1 Rc4 46. Kd2 Ke5 47. Kd3 Rc1
48. Rb7 Rc6 49. Ke2 Kd6 50. Kd3 Rxc7 51. Rb6+ Ke5 52. Rb8 Rc1 53. Rb6 Rh1 54.
Rb2 Ra1 55. Rd2 Ra4 56. Rf2 Ra3+ 57. Ke2 Ra2+ 58. Kf1 Rxf2+ 59. Kxf2 Ke4 60. Ke2
e5 61. Kd2 Kf3 62. Kd3 Kg2 63. Kc3 Kxh2 64. Kb4 Kxg3 65. Kc5 Kf3 66. Kxd5 Kxe3
67. Kxe5 f4 68. Kf5 g3 69. Kg4 g2 70. Kh3 g1=Q 71. Kh4 f3 72. Kh3 Kf4 {White
resigns} 0-1

[Event "Team 45 45 League T38"]
[Site "Internet Chess Club"]
[Date "2008.09.21"]
[Round "9"]
[White "ElmerHo"]
[Black "Jozin"]
[Result "1-0"]
[WhiteElo "1619"]
[BlackElo "1659"]
[Opening "Petrov: Nimzovich attack"]
[ECO "C42"]
[Time "15:28:10"]
[TimeControl "2700+45"]

1. e4 e5 2. Nf3 Nf6 3. Nxe5 d6 4. Nf3 Nxe4 5. Nc3 Nxc3 6. dxc3 Be7 7. Bf4 Nd7 8.
Qd2 O-O 9. O-O-O Nf6 10. Bd3 Bd7 11. Nd4 Qc8 12. h4 Nh5 13. Bg5 f6 14. Be3 g6
15. Rde1 Ng7 16. Bh6 Re8 17. Bc4+ Kh8 18. Bxg7+ Kxg7 19. h5 g5 20. Ne6+ Kh8 21.
f4 Bxe6 22. Bxe6 Qd8 23. fxg5 fxg5 24. h6 Bf6 25. Bf5 Re5 26. Rxe5 Bxe5 27. Qd3
Qe7 28. g4 Re8 29. Kd1 a5 30. Re1 Qf7 31. b3 b6 32. c4 Re7 33. Qd5 Qf8 34. Re4
Re8 35. Re1 Qe7 36. Re4 Qf8 37. Re1 Qxh6 38. Rh1 Qg7 39. Rxh7+ Qxh7 40. Bxh7
Kxh7 41. Qf7+ {Black resigns} 1-0

[Event "Team 45 45 League T38"]
[Site "Internet Chess Club"]
[Date "2008.09.19"]
[Round "9"]
[White "GamePlayer"]
[Black "civilization"]
[Result "1-0"]
[WhiteElo "1787"]
[BlackElo "1580"]
[Opening "Sicilian defense"]
[ECO "B40"]
[Time "20:36:42"]
[TimeControl "2700+45"]

1. e4 c5 2. Nf3 e6 3. Nc3 d5 4. exd5 exd5 5. Bb5+ Bd7 6. Bxd7+ Qxd7 7. Qe2+ Be7
8. O-O Nf6 9. Re1 Nc6 10. Ne5 Nd4 11. Nxd7 Nxe2+ 12. Rxe2 Kxd7 13. d3 d4 14. Ne4
Nxe4 15. Rxe4 Rhe8 16. Bd2 Bf6 17. Rae1 Rxe4 18. Rxe4 Re8 19. f3 Re6 20. Kf2 g5
21. Kg3 h6 22. Kg4 Bg7 23. f4 Rg6 24. fxg5 hxg5 25. Re2 f6 26. g3 Rh6 27. h4 Rh8
28. hxg5 fxg5 29. Bxg5 Rg8 30. Re7+ Kd6 31. Kf5 Kc6 32. g4 Bf8 33. Re6+ Kd7 34.
Bh6 Be7 35. Rg6 Rh8 36. g5 Rh7 37. Rg7 Rh8 38. Rf7 Ke8 39. Ke6 Bd8 40. Bg7 Rg8
41. g6 Bg5 42. Rxb7 a5 43. Rb8+ Bd8 44. Bf6 Rxg6 45. Rxd8# {Black checkmated}
1-0

[Event "Team 45 45 League T38"]
[Site "Internet Chess Club"]
[Date "2008.09.21"]
[Round "9"]
[White "Just-Jim"]
[Black "DaMelch"]
[Result "1-0"]
[WhiteElo "1453"]
[BlackElo "1260"]
[Opening "French defense"]
[ECO "C00"]
[Time "14:00:16"]
[TimeControl "2700+45"]

1. e4 e6 2. Nc3 d5 3. exd5 exd5 4. d4 Nf6 5. a3 Bd6 6. h3 O-O 7. Bg5 Be6 8. Be2
Nc6 9. Nf3 h6 10. Bh4 g5 11. Bg3 Bxg3 12. fxg3 Qd7 13. Qd2 Rfe8 14. Nxg5 hxg5
15. Qxg5+ Kf8 16. Qxf6 Qd6 17. Qh4 Bf5 18. O-O Bxc2 19. Qh8+ Ke7 20. Qg7 Kd8 21.
Bh5 {Black resigns} 1-0

[Event "Team 45 45 League T38"]
[Site "Internet Chess Club"]
[Date "2008.09.18"]
[Round "9"]
[White "jeffk"]
[Black "reverendjim"]
[Result "0-1"]
[WhiteElo "1163"]
[BlackElo "1188"]
[Opening "Caro-Kann: exchange variation"]
[ECO "B13"]
[Time "20:02:07"]
[TimeControl "2700+45"]

1. e4 c6 2. d4 d5 3. exd5 cxd5 4. Bd3 Nc6 5. Nf3 Bg4 6. Nc3 Nxd4 7. Be3 Nc6 8.
Qe2 d4 9. Nb5 dxe3 10. Qxe3 Bxf3 11. Qxf3 Nf6 12. O-O-O e6 13. Be4 Qb6 14. Nd6+
Bxd6 15. Rxd6 Nxe4 16. Qxe4 O-O 17. f4 Rad8 18. Rhd1 Rxd6 19. Rxd6 Qc7 20. Rd3
Rd8 21. Rh3 h6 22. g4 Rd4 23. Qf3 Qxf4+ 24. Qxf4 Rxf4 25. Kd2 Rxg4 26. Kd3 Nb4+
{White resigns} 0-1

[Event "Team 45 45 League T38"]
[Site "Internet Chess Club"]
[Date "2008.09.22"]
[Round "9"]
[White "kynduvme"]
[Black "JimGaming"]
[Result "0-1"]
[WhiteElo "1093"]
[BlackElo "1259"]
[Opening "Sicilian: accelerated fianchetto, exchange variation"]
[ECO "B34"]
[Time "14:00:20"]
[TimeControl "2700+45"]

1. e4 c5 2. Nf3 g6 3. d4 cxd4 4. Nxd4 Nc6 5. Nxc6 bxc6 6. Nc3 Bg7 7. Bc4 e6 8.
O-O Ne7 9. Bg5 O-O 10. Qd2 f6 11. Bh6 a5 12. Bxg7 Kxg7 13. h4 Ba6 14. Bxa6 Rxa6
15. Rfe1 f5 16. Qe2 Ra8 17. exf5 Nxf5 18. h5 Nd4 19. Qe5+ Qf6 20. Qxf6+ Rxf6 21.
Ne4 Rf5 22. Rac1 Rxh5 23. Ng3 Rd5 24. Red1 c5 25. c4 Re5 26. Kf1 d5 27. b3 Rf8
28. cxd5 Rxd5 29. Ne4 Nf5 30. Rxd5 Ne3+ {White resigns} 0-1